 Dungeon Crawl Stone Soup version 0.28.0-43-g3370ac3207 (webtiles) character file.

Game seed: 10781390283953681476

142 Revguard the Sneak (level 5, -8/57 HPs)
             Began as a Demonspawn Wanderer on Mar 9, 2022.
             Mangled by an orc wizard
             ... wielding a +0 dagger of electrocution
              (19 damage)
             ... on level 3 of the Dungeon.
             The game lasted 00:07:27 (1616 turns).

Revguard the Sneak (Demonspawn Wanderer)            Turns: 1616, Time: 00:07:27

Health: -8/57      AC: 22    Str: 16    XL:     5   Next: 3%
Magic:  5/5        EV:  2    Int: 12    God:
Gold:   95         SH:  0    Dex: 12    Spells: 1/4 levels left

rFire   . . .      SeeInvis .   a - +2 mace
rCold   . . .      Faith    .   (no shield)
rNeg    . . .      Spirit   .   (armour currently unavailable)
rPois   +          Reflect  .   (helmet currently unavailable)
rElec   .          Harm     .   (cloak currently unavailable)
rCorr   .          Rampage  .   (gloves currently unavailable)
Will    .....      NoTele   +   (boots currently unavailable)
Stlth   ++........              (no amulet)
HPRegen 0.19/turn               (no ring)
MPRegen 0.09/turn               (no ring)

@: tree-form, invisible
A: stationary, stasis, torment immunity, boosted hp, (thin metallic scales 1),
ignite blood 2, (weakness stinger 1)
a: no special abilities


You were on level 3 of the Dungeon.
You were a tree.
You visited 1 branch of the dungeon, and saw 3 of its levels.

You collected 95 gold pieces.

Inventory:

Hand Weapons
 a - a +2 mace (weapon)
 b - a +0 hunting sling
Missiles
 c - 45 sling bullets
 l - 37 stones (quivered)
Armour
 d - a +0 helmet (melded)
 e - a +0 cloak (melded)
 m - a +0 ring mail (melded)
Jewellery
 f - a +6 ring of intelligence
 h - a +6 ring of intelligence
Wands
 o - a wand of paralysis (4)
Scrolls
 i - a scroll of identify
Potions
 g - a potion of invisibility


   Skills:
 + Level 1.9 Fighting
 + Level 2.4 Maces & Flails
 - Level 2.2 Slings
 * Level 2.0 Armour
 + Level 1.3 Dodging
 - Level 3.8 Stealth
 + Level 0.0 Spellcasting
 + Level 0.0 Hexes
 + Level 1.9 Evocations


You had one spell level left.
You knew the following spells:

 Your Spells              Type           Power      Damage    Failure   Level
a - Confusing Touch       Hex            0%         N/A       67%         3

Your spell library contained the following spells:

 Spells                   Type           Power      Damage    Failure   Level
 Beastly Appendage        Tmut           0%         N/A       32%         1
 Wereblood                Tmut           0%         N/A       45%         2
 Spider Form              Tmut/Pois      0%         N/A       69%         3
 Yara's Violent Unravell  Hex/Tmut       0%         3d3       100%        5
 Enfeeble                 Hex            0%         N/A       100%        7


Dungeon Overview and Level Annotations

Branches:
Dungeon (3/15)

Altars:

Annotations:
D:3 3 runed translucent doors, Zippel's ghost, amateur HuMo; mn3067's ghost, amateur GrFi


Innate Abilities, Weirdness & Mutations

You are a tree.
Your roots penetrate the ground, keeping you stationary.
You cannot be teleported.
You are immune to unholy pain and torment.
Your maximum health is greatly increased.
Your equipment is partially melded.
((You are partially covered in thin metallic scales. (AC +2)))
Your demonic aura often causes spilled blood to erupt in flames.
((You have a small tail.))


Message History

The orc is almost dead.
The orc is engulfed in blazing flames.
You kill the orc!
Something hits you but does no damage.
Things that are here:
a +0 hand axe; a +0 leather armour; an orc corpse You completely miss something.
Something hits you but does no damage.
You sock something!
Your tail-slap misses something.
You hear some strange, mumbled words.
You are confused.
You're too confused to move!
Something hits you.
You bump into the rock wall.
Something hits you but does no damage.
You bump into the rock wall.
Something hits you but does no damage.
You bump into the rock wall.
Something hits you but does no damage.
You miss something.
You feel less confused. Something hits you but does no damage.
You are electrocuted!
* * * LOW HITPOINT WARNING * * *
Something hits you but does no damage.
You hit something. Something hits you but does no damage.
Really quaff the potion of lignification?
You turn into a tree.
Your +0 cloak melds into your body.
Your +0 helmet melds into your body.
Your +0 ring mail melds into your body.
Your roots penetrate the ground.
Something hits you.
* * * LOW HITPOINT WARNING * * *
You fade into invisibility!
Something hits you but does no damage.
You cannot move.
You cannot move.
You cannot move.
You cannot move.
You cannot move.
You cannot move.
You cannot move.
You cannot move.
You cannot move.
You completely miss something. Something hits you but does no damage.
You closely miss something.
Something hits you but does no damage. x2
You are electrocuted!!
You die...

.......P#.####.# #...........#
.......⌠#......# #.#####.##..#
..WW...P#......# #.......##..#
##+++####.)....##.# ##########..[
.......##.........# #..#
.......##.....#####+## #..#
##..#####....o'oo#...# #..# ##.##
##)...##.#...####### #..# ##.#
#######♣#...'.....# #..# ##.#
#.#...#####.# #..# ##.# #.#...#
#.# #..# ##'########## #.#...#
#.# #..# ............####.#...#
#.###..#
............#.....########......#
............#.....'.....######..#
[.........(.#.....#####.##...#..#
............#.....# #.##.#.#..#


You could see 2 orcs.

Vanquished Creatures
  An ogre (D:3)
  A worm (D:2)
  2 dart slugs (D:1)
  2 orcs (D:3)
  6 ball pythons
  5 endoplasms
  2 goblins
  A hobgoblin (D:1)
  4 jackals (D:3)
  2 kobolds
  5 quokkas
  7 bats
  4 frilled lizards
  4 rats (D:1)
46 creatures vanquished.

Vanquished Creatures (others)
  6 withered plants (D:3)
6 creatures vanquished.

Grand Total: 52 creatures vanquished

Notes
Turn   | Place    | Note
-------+----------+-------------------------------------------
     0 | D:1      | Revguard the Demonspawn Wanderer began the quest for the
                  | Orb.
     0 | D:1      | Revguard set off with the following items: a +2 mace, a +0
                  | hunting sling, 21 sling bullets, a +0 helmet, a +0 leather
                  | armour
     0 | D:1      | Reached XP level 1. HP: 15/15 MP: 1/1
   141 | D:1      | Gained mutation: You have a small tail. [demonic ancestry]
   141 | D:1      | Reached XP level 2. HP: 15/21 MP: 2/2
   454 | D:1      | Found a faded altar of an unknown god.
   531 | D:1      | Reached skill level 1 in Armour
   751 | D:2      | Gained mutation: Your demonic aura sometimes causes spilled
                  | blood to erupt in flames. [demonic ancestry]
   751 | D:2      | Reached XP level 3. HP: 26/26 MP: 3/3
  1051 | D:3      | Noticed an ogre
  1059 | D:3      | Killed an ogre
  1060 | D:3      | Reached skill level 1 in Dodging
  1060 | D:3      | Gained mutation: Your demonic aura often causes spilled
                  | blood to erupt in flames. [demonic ancestry]
  1060 | D:3      | Reached XP level 4. HP: 33/33 MP: 4/4
  1205 | D:3      | Found a runed translucent gate.
  1205 | D:3      | Found a runed translucent gate.
  1205 | D:3      | Found a runed translucent gate.
  1209 | D:3      | Noticed mn3067's ghost (amateur GrFi)
  1209 | D:3      | Noticed Zippel's ghost (amateur HuMo)
  1311 | D:3      | Learned a level 3 spell: Confusing Touch
  1579 | D:3      | Gained mutation: You are partially covered in thin metallic
                  | scales. (AC +2) [demonic ancestry]
  1579 | D:3      | Reached XP level 5. HP: 37/38 MP: 5/5
  1616 | D:3      | Mangled by an orc wizard

Illustrated notes

Levels and vault maps discovered:
D:1:      saegor_arrival_simple_a, layout_rooms, basic_ecumenical_altar,
          minmay_octomino_c4
D:2:      layout_basic
D:3:      layout_basic, gammafunk_ghost_cemetery, roderic_lattice_a,
          chequers_serial_rivers_large_b

Skill      XL: |  1  2  3 |
---------------+----------+-----
Maces & Flails | 2 |  2.4
Armour         | 1 2 |  2.0
Slings         | 2 |  2.2
Dodging        | 1 |  1.3
Fighting       | |  1.9
Stealth        | |  3.8
Evocations     | |  1.9

Action                   |  1- 3 |  4- 6 || total
-------------------------+-------+-------++-------
Melee: Mace              |    74 |    56 ||   130
       Tailslap          |     9 |     8 ||    17
       Punch             |     2 |       ||     2
 Fire: Hunting sling     |     1 |       ||     1
Evoke: Wand              |     3 |       ||     3
  Use: Scroll            |     6 |       ||     6
       Potion            |     2 |     2 ||     4
 Stab: Sleeping          |     4 |     2 ||     6
       Paralysed         |     4 |       ||     4
Armor: Leather armour    |    26 |       ||    26
       Ring mail         |    13 |    52 ||    65
       Skin              |       |     4 ||     4
Dodge: Dodged            |    57 |    54 ||   111
